 Dungeon Crawl Stone Soup version 0.28.0-45-g0d030f2227 (webtiles) character file.

Game seed: 7626544839223452978

7565 psko the Thaumaturge (level 10, -8/50 HPs)
             Began as a Spriggan Conjurer on Apr 17, 2022.
             Was an Initiate of Ashenzari.
             Mangled by a hornet (10 damage)
             ... on level 10 of the Dungeon.
             The game lasted 01:34:35 (13224 turns).

psko the Thaumaturge (Spriggan Conjurer)           Turns: 13224, Time: 01:34:35

Health: -8/50      AC:  7    Str:  5    XL:     10   Next: 96%
Magic:  23/23      EV: 22    Int: 22    God:    Ashenzari [......]
Gold:   576        SH:  0    Dex: 20    Spells: 19/26 levels left

rFire   . . .      SeeInvis +   H - +6 long sword (freeze)
rCold   + . .      Faith    .   (no shield)
rNeg    + . .      Spirit   .   D - +2 robe "Gaetid" {rElec rC+ rN+}
rPois   .          Reflect  .   (helmet restricted)
rElec   +          Harm     .   y - +2 cloak {rCorr}
rCorr   +          Rampage  .   (gloves unavailable)
Will    +....                   (boots unavailable)
Stlth   ++++......              a - amulet of regeneration
HPRegen 0.96/turn               n - +6 ring of dexterity
MPRegen 0.18/turn               A - ring of wizardry

@: lethally poisoned (-8 -> -8), slowed, studying Poison Magic, quick
A: very small, no large weapons, unfitting armour, see invisible, speed 3
a: Renounce Religion, Curse Item


You were on level 10 of the Dungeon.
You worshipped Ashenzari.
Ashenzari was noncommittal.
You visited 2 branches of the dungeon, and saw 11 of its levels.
You also visited: Bailey.

You collected 576 gold pieces.

Inventory:

Hand Weapons
 e - a +3 dagger
 l - a +2 dagger of venom
 x - a +3 quarterstaff of chaos
 E - a +2 long sword of pain
 G - a +3 short sword
 H - a +6 long sword of freezing (weapon)
 I - a +4 hand axe
 M - a +3 short sword of holy wrath
 P - a +0 hand axe of flaming
Missiles
 r - 43 poisoned darts (quivered)
Armour
 d - a +2 cloak
 y - a +2 cloak of preservation (worn)
 D - the +2 robe "Gaetid" (worn) {rElec rC+ rN+}
   (You found it on level 9 of the Dungeon)

   rC:        It protects you from cold.
   rElec:     It insulates you from electricity.
   rN:        It protects you from negative energy.
 F - +1 swamp dragon scales
Jewellery
 a - an amulet of regeneration (around neck)
 g - an amulet of regeneration
 n - a +6 ring of dexterity (left hand)
 z - a ring of poison resistance
 A - a ring of wizardry (right hand)
Wands
 u - a wand of iceblast (18)
 B - a wand of mindburst (4)
 J - a wand of charming (5)
Scrolls
 b - 3 scrolls of fear
 c - 3 scrolls of teleportation
 h - 2 scrolls of summoning
 i - 3 scrolls of immolation
 p - a scroll of brand weapon
 w - 2 scrolls of blinking
 C - a scroll of amnesia
 N - a scroll of fog
 O - a scroll of torment {unknown}
Potions
 f - 2 potions of flight {unknown}
 j - 2 potions of brilliance {unknown}
 k - a potion of degeneration {unknown}
 m - 6 potions of curing
 o - 4 potions of ambrosia {unknown}
 q - a potion of invisibility {unknown}
 s - 3 potions of heal wounds {unknown}
 t - 2 potions of resistance
 v - 2 potions of haste {unknown}
 K - a potion of magic {unknown}
Miscellaneous
 L - a tin of tremorstones (2/2)


   Skills:
 + Level 4.2 Fighting
 + Level 4.0(6.5) Short Blades
 + Level 6.0(6.4) Long Blades
 + Level 1.8 Staves
 + Level 3.1 Armour
 + Level 6.9 Dodging
 + Level 8.3 Stealth
 + Level 8.7 Spellcasting
 + Level 6.6 Conjurations
 + Level 3.1 Evocations


You had 19 spell levels left.
You knew the following spells:

 Your Spells              Type           Power      Damage    Failure   Level
a - Magic Dart            Conj           100%       1d8       1%          1
b - Searing Ray           Conj           76%        2d7       1%          2
c - Dazzling Flash        Conj/Hex       48%        N/A       2%          3
d - Sting                 Tmut/Pois      36%        1d4       2%          1

Your spell library contained the following spells:

 Spells                   Type           Power      Damage    Failure   Level
 Ensorcelled Hibernation  Hex/Ice        18%        N/A       4%          2
 Poisonous Vapours        Pois/Air       18%        N/A       4%          2
 Fulminant Prism          Conj/Hex       12%        3d9       8%          4
 Iskenderun's Mystic Bla  Conj/Tloc      24%        2d7       8%          4
 Spider Form              Tmut/Pois      9%         N/A       9%          3
 Anguish                  Hex/Necr       4%         N/A       26%         4
 Olgreb's Toxic Radiance  Pois           9%         N/A       26%         4
 Lee's Rapid Deconstruct  Erth           4%         3d6*      56%         5


Dungeon Overview and Level Annotations

Branches:
Dungeon (10/15)            Temple (1/1) D:5          Bailey (visited)
   Lair: D:8-11         Orc: D:9-12

Altars:
Ashenzari
Cheibriados
Dithmenos
Elyvilon
Fedhas
Gozag
Hepliaklqana
Kikubaaqudgha
Makhleb
Nemelex Xobeh
Okawaru
Qazlal
Ru
Sif Muna
Trog
Uskayaw
Vehumet
Wu Jian
Xom
Yredelemnul
Zin
The Shining One

Shops:
D:1 [*=(*


Innate Abilities, Weirdness & Mutations

You are very small and have problems with some larger weapons.
You are too small for most types of armour.
You have supernaturally acute eyesight. (SInv)
You cover ground extremely quickly. (Speed+++)


Message History

You feel yourself slow down.
Casting: Searing Ray (safe; 1% risk of failure)
Confirm with . or Enter, or press ? or * to list all spells.
Aiming: Searing Ray (safe; 1% risk of failure)
Press: ? - help, Shift-Dir - straight line, f - hornet
Aim: a hornet (heavily wounded, 71% to hit)
The searing ray hits the hornet!
The hornet is severely wounded.
The searing ray hits the hornet.
The hornet is moderately wounded. (Press . to maintain the ray.)
You feel very sick. The hornet completely misses you.
The hornet barely misses you.
You feel sick. The hornet closely misses you.
You feel yourself speed up.
You feel sick.
You hit the hornet. You freeze the hornet.
The hornet is severely wounded.
You feel sick. The hornet stings you!
You are more poisoned.
You feel yourself slow down. The hornet stings you.
You feel as though you will be slow longer.
You hit the hornet. You freeze the hornet.
The hornet is almost dead.
You feel very sick. The hornet misses you. The hornet stings you!
* * * LOW HITPOINT WARNING * * *
You feel as though you will be slow longer.
The hornet completely misses you. The hornet misses you.
The hornet closely misses you.
* * * LOW HITPOINT WARNING * * *
You feel very sick.
You feel sick. The hornet misses you. The hornet barely misses you.
* * * LOW HITPOINT WARNING * * *
You feel sick.
You feel sick. The hornet misses you.
You feel sick. The hornet barely misses you.
You feel sick.
You feel sick. The hornet stings you!
You die...

#......# #...#y.# #.
#..##..####... #. ..
#..##.############.
#..##......)..##...
#..##.........##...
#..##...####[.##...
#..##...# #....... ..
#yy##..)# #)...... ...
#.@##...# #....... ....
#..##...# #..#....
....##..##...# #..#....
........##...# #..#....
.............# #..#....
.............# #..#..<(
.........†...####..#....
.........#)........#....
.........#.........#..).


You could see 2 hornets.

Vanquished Creatures
  An orc warlord (Bailey)
  2 two-headed ogres (D:8)
  Maggie (D:6)
  2 hornets (D:10)
  Sigmund (D:6)
  4 yaks (D:10)
  A vampire (D:7)
  A wraith (D:10)
  Grum (D:9)
  A steam dragon (D:7)
  4 water moccasins
  Menkaure (D:5)
  A floating eye (D:10)
  3 orc warriors
  3 ice beasts
  2 necrophages (D:6)
  4 wolves (D:8)
  3 centaurs
  A phantom (D:6)
  4 kobold brigands
  2 bullfrogs
  A scorpion (D:5)
  3 wights (D:6)
  3 howler monkeys
  A centaur zombie (D:8)
  A hound (D:4)
  2 jellies (D:7)
  4 orc priests
  Crazy Yiuf (D:5)
  A centaur skeleton (D:7)
  A bullfrog skeleton (D:6)
  3 orc wizards
  3 iguanas
  A scorpion zombie (D:5)
  A killer bee zombie (D:7)
  2 hound skeletons
  3 gnolls (Bailey)
  A howler monkey zombie (D:9)
  9 adders
  A white imp (D:7)
  2 ufetubi
  An adder skeleton (D:4)
  4 worms
  6 dart slugs
  22 orcs
  6 endoplasms
  A giant cockroach (D:1)
  12 goblins
  15 hobgoblins
  3 jackals (D:1)
  35 kobolds
  3 quokkas
  5 ball pythons
  4 bats
  8 frilled lizards
  7 rats
219 creatures vanquished.

Vanquished Creatures (others)
  A bush (D:6)
  4 fungi (D:5)
5 creatures vanquished.

Grand Total: 224 creatures vanquished

Notes
Turn   | Place    | Note
-------+----------+-------------------------------------------
     0 | D:1      | psko the Spriggan Conjurer began the quest for the Orb.
     0 | D:1      | Reached XP level 1. HP: 9/9 MP: 5/5
    68 | D:1      | Found Vamnyeci's Jewellery Shop.
   185 | D:1      | Found Ingiet Cyjis's Assorted Antiques.
   296 | D:1      | Reached XP level 2. HP: 13/13 MP: 4/6
   636 | D:1      | Learned a level 2 spell: Searing Ray
   883 | D:1      | Found Hifekah's Armour Shop.
  1053 | D:1      | Found Buotis's Antique Weapon Shoppe.
  1178 | D:1      | Reached XP level 3. HP: 16/16 MP: 2/8
  1410 | D:1      | Found Qusmeenk's General Store.
  1952 | D:2      | Found a faded altar of an unknown god.
  2198 | D:2      | Found an iron altar of Okawaru.
  2272 | D:2      | You fall into a shaft and drop 2 floors!
  2314 | D:4      | Reached XP level 4. HP: 14/21 MP: 6/9
  2591 | D:2      | Reached skill level 1 in Short Blades
  3484 | D:3      | Reached XP level 5. HP: 25/25 MP: 0/11
  3779 | D:3      | Noticed an ice beast
  3800 | D:3      | Killed an ice beast
  4160 | D:4      | Reached skill level 1 in Fighting
  4373 | D:4      | Reached XP level 6. HP: 30/30 MP: 12/12
  5064 | D:5      | Entered Level 5 of the Dungeon
  5355 | D:5      | Found a staircase to the Ecumenical Temple.
  5365 | Temple   | Entered the Ecumenical Temple
  5708 | Temple   | Became a worshipper of Ashenzari the Shackled
  5960 | D:5      | Noticed Menkaure
  5966 | D:5      | Killed Menkaure
  5967 | D:5      | Reached XP level 7. HP: 19/33 MP: 8/14
  6424 | D:5      | Reached skill level 5 in Spellcasting
  6791 | D:5      | Found a runed translucent door.
  6792 | D:5      | Noticed Crazy Yiuf
  6799 | D:5      | Killed Crazy Yiuf
  7107 | D:6      | Noticed Sigmund
  7117 | D:6      | Killed Sigmund
  7519 | D:6      | Reached skill level 5 in Dodging
  7612 | D:6      | Reached XP level 8. HP: 38/38 MP: 12/17
  7647 | D:6      | Learned a level 3 spell: Dazzling Flash
  7673 | D:6      | Found a hide-covered altar of Uskayaw.
  7690 | D:6      | Noticed Maggie
  7807 | D:6      | Killed Maggie
  7808 | D:6      | Reached skill level 1 in Staves
  7808 | D:6      | Reached skill level 5 in Conjurations
  7865 | D:6      | Found a snail-covered altar of Cheibriados.
  8555 | D:7      | Found a flagged portal.
  8572 | Bailey   | Entered a bailey
  8584 | Bailey   | Noticed an orc warlord
  8773 | Bailey   | Reached skill level 1 in Armour
  8859 | Bailey   | Found a runed translucent gate.
  8862 | Bailey   | Found a runed translucent gate.
  8881 | Bailey   | Found a runed translucent gate.
  9055 | Bailey   | Killed an orc warlord
  9056 | Bailey   | Reached XP level 9. HP: 43/43 MP: 1/20
  9084 | Bailey   | Acquired a book of Dreams
  9619 | D:7      | Learned a level 1 spell: Sting
 10500 | D:8      | Noticed a two-headed ogre
 10526 | D:8      | Killed a two-headed ogre
 10527 | D:8      | Reached XP level 10. HP: 37/49 MP: 3/22
 10786 | D:8      | Noticed a two-headed ogre
 10824 | D:8      | Killed a two-headed ogre
 11753 | D:9      | Identified the +2 robe "Gaetid" {rElec rC+ rN+}
 11789 | D:9      | Noticed Grum
 11803 | D:9      | Killed Grum
 11804 | D:9      | Reached skill level 5 in Long Blades
 12467 | D:10     | Entered Level 10 of the Dungeon
 13088 | D:10     | Noticed an ogre mage
 13098 | D:10     | Paralysed by a floating eye for 4 turns
 13220 | D:10     | HP: 2/50 [poisoned by a hornet]
 13224 | D:10     | Mangled by a hornet

Illustrated notes

Levels and vault maps discovered:
D:1:      elethiomel_arrival_maze, layout_loops_corners, serial_shops,
          nicolae_shop_trees, nicolae_shop_stone, shop,
          nicolae_shop_hallway_plus, nicolae_shop_stone, minmay_3d_cube
D:2:      layout_loops_ring, ebering_ecumenical_altar_mist, basic_altar
D:3:      layout_loops_cross
D:4:      minmay_skewed_foursquare, layout_loops_cross, minmay_misc_feat_tower
D:5:      layout_basic, temple_fountains, uniq_crazy_yiuf_cottage, uniq_menkaure
D:6:      layout_basic, mainiacjoe_overflow_catch_the_wave,
          chequers_serial_rivers_large_b, uniq_sigmund, uniq_maggie
D:7:      layout_basic, enter_bailey_4, hangedman_decor_slide_cut
D:8:      layout_basic
D:9:      layout_cave_pools, uniq_grum
D:10:     hellmonk_paralyzer, layout_long_grid
Temple:   mainiacjoe_temple_big_plus

Skill      XL: |  1  2  3  4  5  6  7  8  9 10 |
---------------+-------------------------------+-----
Conjurations   | 3 4 5 6 |  6.6
Dodging        | 3 4 5 6 |  6.9
Spellcasting   | 3 4 5 7 8 |  8.7
Short Blades   | 1 2 3 4 |  4.0
Stealth        | 4 7 8 |  8.3
Fighting       | 1 2 3 4 |  4.2
Staves         | 1 |  1.8
Armour         | 1 2 3 |  3.1
Long Blades    | 2 4 6 |  6.0
Evocations     | 2 3 |  3.1

Action                   |  1- 3 |  4- 6 |  7- 9 | 10-12 || total
-------------------------+-------+-------+-------+-------++-------
Melee: Unarmed           |     2 |       |       |       ||     2
       Dagger            |    50 |   124 |    52 |       ||   226
       Punch             |       |     5 |     3 |     4 ||    12
       Quarterstaff      |       |       |    41 |       ||    41
       Long sword        |       |       |   122 |   168 ||   290
 Cast: Magic Dart        |    67 |    71 |   128 |    58 ||   324
       Searing Ray       |     3 |    10 |    56 |    49 ||   118
Evoke: Wand              |       |       |    15 |       ||    15
  Use: Scroll            |       |       |    14 |     2 ||    16
       Potion            |       |       |       |     1 ||     1
 Stab: Sleeping          |     1 |     2 |       |       ||     3
       Paralysed         |       |       |     1 |       ||     1
       Petrified         |       |       |    10 |       ||    10
       Petrifying        |       |       |     1 |       ||     1
       Distracted        |       |       |       |     1 ||     1
Armor: Robe              |     3 |     8 |     5 |    21 ||    37
       Swamp dragon scal |       |       |    33 |    38 ||    71
Dodge: Dodged            |    58 |    80 |   148 |   224 ||   510
